[Event "Team 45 45 League T98"]
[Site "Internet Chess Club"]
[Date "2023.11.23"]
[Round "2"]
[White "Ostap-Bender"]
[Black "defythemachine"]
[Result "0-1"]
[WhiteElo "1219"]
[BlackElo "1298"]
[Opening "French: exchange variation"]
[ECO "C01"]
[Time "20:01:39"]
[PlyCount "58"]
[TimeControl "2700+45"]

1. e4 e6 2. d4 d5 3. exd5 exd5 4. Nf3 Be6 5. Be2 Nf6 6. O-O Bd6 7. b3 O-O 8. c4
c6 9. c5 Bc7 10. b4 Nbd7 11. Nc3 h6 12. Qc2 Re8 13. Re1 Bg4 14. Bb2 Ne4 15. h3
Bxf3 16. Bxf3 f5 17. Ne2 Qf6 18. Rad1 Re7 19. Bxe4 fxe4 20. Bc1 Rf7 21. Rf1 Qh4
22. Be3 Raf8 23. Nc3 Rf6 24. Qe2 Rg6 25. Kh1 Nf6 26. f3 Nh5 27. Bf2 Ng3+ 28.
Bxg3 Qxg3 29. Qf2 Qh2# {White checkmated} 0-1

[Event "Team 45 45 League T98"]
[Site "Internet Chess Club"]
[Date "2023.11.26"]
[Round "2"]
[White "Tjet"]
[Black "stantheman59"]
[Result "1/2-1/2"]
[WhiteElo "1274"]
[BlackElo "1137"]
[Opening "English opening"]
[ECO "A20"]
[Time "18:00:35"]
[PlyCount "39"]
[TimeControl "2700+45"]

1. c4 e5 2. g3 f5 3. Bg2 Nc6 4. e3 Nf6 5. a3 d5 6. cxd5 Nxd5 7. Nc3 Nf6 8. d3 e4
9. d4 a6 10. Nge2 Bd6 11. O-O O-O 12. b4 Bd7 13. Bb2 b6 14. Rb1 Ne7 15. Qc2 Rc8
16. Rfc1 c6 17. Qb3+ Kh8 18. Rd1 Ned5 19. Nxd5 cxd5 20. Rbc1 {Game drawn by
mutual agreement} 1/2-1/2

[Event "Team 45 45 League T98"]
[Site "Internet Chess Club"]
[Date "2023.11.25"]
[Round "2"]
[White "Chess4Him"]
[Black "mongmong"]
[Result "1/2-1/2"]
[WhiteElo "1479"]
[BlackElo "1485"]
[Opening "Queen's pawn"]
[ECO "A40"]
[Time "15:00:15"]
[PlyCount "94"]
[TimeControl "2700+45"]

1. d4 e6 2. Bf4 Nf6 3. Nc3 Nc6 4. e3 a6 5. a3 d5 6. Bd3 Bd6 7. Bg5 h6 8. Bh4 Be7
9. Nf3 Nh5 10. Bxe7 Nxe7 11. Ne5 Nf6 12. Qf3 O-O 13. g4 Nd7 14. h4 Nxe5 15. dxe5
Ng6 16. Bxg6 fxg6 17. Qg3 g5 18. hxg5 Qxg5 19. f4 Qg6 20. O-O-O Bd7 21. Rh5 c5
22. Rdh1 d4 23. exd4 cxd4 24. Ne2 d3 25. cxd3 Bc6 26. R1h2 Rac8 27. Kd2 Rfd8 28.
Nc3 Be4 29. Nxe4 Qxe4 30. g5 hxg5 31. Rh8+ Kf7 32. Rxd8 Rxd8 33. fxg5 Qd4 34.
g6+ Ke7 35. Kc2 Rf8 36. Qg5+ Kd7 37. Re2 Rf2 38. Rxf2 Qxf2+ 39. Kc3 Qc5+ 40. Kd2
Qf2+ 41. Kc3 Qc5+ 42. Kb3 Qd5+ 43. Kc2 Qc5+ 44. Kb1 Qd4 45. Qg3 b5 46. Ka1 a5
47. Qe1 Qxd3 {Game drawn by mutual agreement} 1/2-1/2

[Event "Team 45 45 League T98"]
[Site "Internet Chess Club"]
[Date "2023.11.27"]
[Round "2"]
[White "tightfist"]
[Black "blind-warrior"]
[Result "1-0"]
[WhiteElo "1412"]
[BlackElo "1209"]
[Opening "Nimzovich-Larsen attack"]
[ECO "A01"]
[Time "19:01:50"]
[PlyCount "67"]
[TimeControl "2700+45"]

1. b3 g6 2. Bb2 Nf6 3. e4 Nc6 4. e5 Nh5 5. e6 Bg7 6. exf7+ Kxf7 7. Qf3+ Nf6 8.
Nh3 d5 9. Ng5+ Kg8 10. Bb5 a6 11. Bxc6 bxc6 12. Qc3 Ne8 13. d4 Qd6 14. Ba3 Qf6
15. Nf3 Bg4 16. Nbd2 Qe6+ 17. Qe3 Nd6 18. O-O Qxe3 19. fxe3 Bf6 20. c4 Ne4 21.
Nxe4 dxe4 22. Nd2 Bf5 23. Rae1 Kg7 24. Rf4 e5 25. dxe5 Bxe5 26. Rff1 Rhe8 27.
Bc5 Rad8 28. Re2 Bd6 29. Bd4+ Kh6 30. c5 Be5 31. Bxe5 Rxe5 32. b4 Rd3 33. h3 Ra3
34. Nc4 {Black resigns} 1-0

[Event "Team 45 45 League T98"]
[Site "Internet Chess Club"]
[Date "2023.11.28"]
[Round "2"]
[White "Maybeiwill"]
[Black "kabubi"]
[Result "1-0"]
[WhiteElo "1290"]
[BlackElo "1146"]
[Opening "Queen's pawn game"]
[ECO "A45"]
[Time "18:00:47"]
[PlyCount "45"]
[TimeControl "2700+45"]

1. d4 Nf6 2. Nc3 d6 3. Bf4 e5 4. dxe5 dxe5 5. Qxd8+ Kxd8 6. O-O-O+ Bd7 7. Bxe5
Ng4 8. Bg3 Bd6 9. Bxd6 cxd6 10. Ne4 f5 11. h3 Kc7 12. hxg4 fxe4 13. f3 e3 14.
Nh3 Nc6 15. Ng5 Raf8 16. Rxh7 Rxh7 17. Nxh7 Re8 18. Ng5 Re7 19. Ne4 Re6 20. Nc3
Ne7 21. Rd3 Ng6 22. Nd5+ Kc6 23. Nxe3 {Black resigns} 1-0

[Event "Team 45 45 League T98"]
[Site "Internet Chess Club"]
[Date "2023.11.28"]
[Round "2"]
[White "WzeroMN"]
[Black "Conjurer"]
[Result "1/2-1/2"]
[WhiteElo "951"]
[BlackElo "1009"]
[Opening "Sicilian defense"]
[ECO "B20"]
[Time "15:02:51"]
[PlyCount "71"]
[TimeControl "2700+45"]

1. e4 c5 2. c4 Nc6 3. Nc3 g6 4. Nf3 Bg7 5. d3 e6 6. Be2 Nge7 7. O-O O-O 8. Bf4
Nd4 9. Nxd4 Bxd4 10. Rc1 a6 11. Bf3 d6 12. Qc2 Nc6 13. Ne2 Qf6 14. Nxd4 Nxd4 15.
Qd1 Nxf3+ 16. Qxf3 e5 17. Bd2 Qxf3 18. gxf3 Bh3 19. Rfe1 f5 20. Bh6 Rf7 21. b3
fxe4 22. fxe4 Re8 23. Re3 Bg4 24. h3 Bh5 25. Rf1 Re6 26. Kg2 Ref6 27. f3 b5 28.
Bg5 Re6 29. Bh6 bxc4 30. bxc4 Rb7 31. Kg3 Kf7 32. f4 Ke8 33. fxe5 Rxe5 34. Rf8+
Kd7 35. Rf7+ Kc6 36. Rxb7 {Game drawn by mutual agreement} 1/2-1/2

[Event "Team 45 45 League T98"]
[Site "Internet Chess Club"]
[Date "2023.11.26"]
[Round "2"]
[White "kabindra"]
[Black "Megasus"]
[Result "1-0"]
[WhiteElo "1646"]
[BlackElo "1555"]
[Opening "Sicilian: closed"]
[ECO "B23"]
[Time "17:30:27"]
[PlyCount "53"]
[TimeControl "2700+45"]

1. e4 c5 2. Nc3 e6 3. Bc4 Nc6 4. f4 a6 5. a4 Nge7 6. e5 Nf5 7. Nf3 h6 8. d3 d5
9. exd6 Nxd6 10. Ba2 b5 11. axb5 axb5 12. Be3 Nf5 13. Bf2 Qa5 14. O-O Qb4 15.
Bb3 Rxa1 16. Qxa1 Bd6 17. Qa8 Kd7 18. Ne4 Nfd4 19. Nxd4 cxd4 20. Nxd6 Qxd6 21.
Bg3 Qb8 22. Qxb8 Nxb8 23. f5 Na6 24. fxe6+ fxe6 25. Rf7+ Ke8 26. Rxg7 Nc5 27.
Rc7 {Black resigns} 1-0

[Event "Team 45 45 League T98"]
[Site "Internet Chess Club"]
[Date "2023.11.26"]
[Round "2"]
[White "Pawnchain"]
[Black "rjhoro"]
[Result "1/2-1/2"]
[WhiteElo "1367"]
[BlackElo "1217"]
[Opening "Queen's pawn, Mason variation"]
[ECO "D00"]
[Time "16:05:33"]
[PlyCount "43"]
[TimeControl "2700+45"]

1. d4 d5 2. Bf4 Nf6 3. e3 e6 4. c3 Nc6 5. Bd3 Bd6 6. Bg5 O-O 7. Nd2 Re8 8. Qf3
e5 9. dxe5 Nxe5 10. Qe2 Bg4 11. f3 Nxd3+ 12. Qxd3 Be6 13. Ne2 c6 14. h4 h6 15.
O-O-O g6 16. Bxh6 Bf5 17. e4 dxe4 18. fxe4 Nxe4 19. Nxe4 Bxe4 20. Qxd6 Qxd6 21.
Rxd6 Bxg2 22. Rh2 {Game drawn by mutual agreement} 1/2-1/2

[Event "Team 45 45 League T98"]
[Site "Internet Chess Club"]
[Date "2023.11.23"]
[Round "2"]
[White "Balderdash"]
[Black "PsyMar"]
[Result "0-1"]
[WhiteElo "1106"]
[BlackElo "1344"]
[Opening "Richter-Veresov attack"]
[ECO "D01"]
[Time "17:04:38"]
[PlyCount "56"]
[TimeControl "2700+45"]

1. d4 d5 2. Nc3 Nf6 3. Bg5 Ne4 4. Bh4 g6 5. Qd3 Bf5 6. Nxe4 Bxe4 7. Qb5+ Nd7 8.
f3 Bxc2 9. Rc1 Bf5 10. Qxd5 Be6 11. Qxb7 Rb8 12. Qxa7 Rxb2 13. e4 Bh6 14. Rd1
Bxa2 15. d5 O-O 16. Qd4 Bg7 17. Qd3 Ne5 18. Qc3 Qa8 19. Be2 Rfb8 20. Nh3 Rxe2+
21. Kxe2 Qa6+ 22. Ke1 Bb1 23. Kf2 Ng4+ 24. Kg3 Bxc3 25. Kxg4 h5+ 26. Kg5 Qf6+
27. Kh6 Qxh4 28. Rxb1 Bg7# {White checkmated} 0-1

[Event "Team 45 45 League T98"]
[Site "Internet Chess Club"]
[Date "2023.11.27"]
[Round "2"]
[White "BlueStorm"]
[Black "Kingofknights"]
[Result "1-0"]
[WhiteElo "1588"]
[BlackElo "1519"]
[Opening "Queen's bishop game"]
[ECO "D02"]
[Time "11:00:21"]
[PlyCount "123"]
[TimeControl "2700+45"]

1. d4 Nf6 2. Nf3 d5 3. Bf4 Bf5 4. e3 e6 5. Bd3 Bxd3 6. Qxd3 a6 7. O-O c5 8. c4
cxd4 9. Nxd4 Qd7 10. Nc3 Nc6 11. cxd5 Nxd5 12. Nxc6 Qxc6 13. Nxd5 Qxd5 14. Qxd5
exd5 15. Rfd1 Rd8 16. Rac1 Bd6 17. Bxd6 Rxd6 18. Rc8+ Rd8 19. Rxd8+ Kxd8 20.
Rxd5+ Kc7 21. Kf1 Kc6 22. Rd4 Re8 23. Ke2 Re6 24. a4 b5 25. axb5+ axb5 26. b4 h6
27. g4 g5 28. f4 f6 29. f5 Re7 30. e4 h5 31. Kf3 h4 32. Rd8 Ra7 33. Ke3 Ra3+ 34.
Rd3 Ra2 35. e5 fxe5 36. f6 Ra1 37. Ke4 Re1+ 38. Re3 Rf1 39. Kxe5 Kd7 40. Ra3 Rf4
41. Ra7+ Ke8 42. Ke6 Re4+ 43. Kf5 Rxb4 44. Kxg5 h3 45. Kh4 Rf4 46. Rb7 b4 47.
Kxh3 Rxf6 48. Rxb4 Kf7 49. Kg3 Kg6 50. Rb5 Rc6 51. Rf5 Rc3+ 52. Rf3 Rc4 53. h4
Rb4 54. Ra3 Rc4 55. Ra6+ Kg7 56. Re6 Rb4 57. h5 Ra4 58. g5 Rb4 59. Re7+ Kg8 60.
h6 Ra4 61. g6 Ra6 62. Re8# {Black checkmated} 1-0

[Event "Team 45 45 League T98"]
[Site "Internet Chess Club"]
[Date "2023.11.27"]
[Round "2"]
[White "Constrictor"]
[Black "CMAlge"]
[Result "1/2-1/2"]
[WhiteElo "1453"]
[BlackElo "1340"]
[Opening "Réti opening"]
[ECO "A05"]
[Time "17:03:31"]
[PlyCount "31"]
[TimeControl "2700+45"]

1. Nf3 Nf6 2. b3 g6 3. Bb2 Bg7 4. e3 O-O 5. Be2 d6 6. d4 Nbd7 7. c4 Re8 8. O-O
Ng4 9. Qc2 c5 10. Nbd2 e5 11. dxc5 Nxc5 12. Rfd1 Qe7 13. e4 b6 14. Rac1 Bb7 15.
b4 Ne6 16. h3 {Game drawn by mutual agreement} 1/2-1/2

[Event "Team 45 45 League T98"]
[Site "Internet Chess Club"]
[Date "2023.11.26"]
[Round "2"]
[White "Fulmar"]
[Black "NATYNL09"]
[Result "1/2-1/2"]
[WhiteElo "1222"]
[BlackElo "1173"]
[Opening "Queen's pawn game"]
[ECO "D04"]
[Time "19:13:43"]
[PlyCount "48"]
[TimeControl "2700+45"]

1. d4 d5 2. Nf3 Nf6 3. e3 Bf5 4. Bd3 Bg6 5. O-O e6 6. b3 Bd6 7. Bb2 O-O 8. Bxg6
fxg6 9. Ne5 c5 10. f4 Nbd7 11. c4 Ne4 12. Nd2 Nxd2 13. Qxd2 Nxe5 14. fxe5 Be7
15. Rxf8+ Qxf8 16. Rf1 Qe8 17. Rf3 b5 18. Qd3 bxc4 19. bxc4 Qd7 20. Ba3 Rf8 21.
Rxf8+ Bxf8 22. dxc5 Qc6 23. cxd5 exd5 24. Qd4 Kh8 {Game drawn by mutual
agreement} 1/2-1/2

[Event "Team 45 45 League T98"]
[Site "Internet Chess Club"]
[Date "2023.11.27"]
[Round "2"]
[White "Toalla"]
[Black "Reykjaviking"]
[Result "0-1"]
[WhiteElo "1114"]
[BlackElo "1339"]
[Opening "Dutch"]
[ECO "A80"]
[Time "12:00:32"]
[PlyCount "118"]
[TimeControl "2700+45"]

1. d4 f5 2. Nf3 Nf6 3. h3 e6 4. a3 b6 5. g3 Bb7 6. Bg2 Be7 7. Bg5 O-O 8. Nbd2 a5
9. O-O Ne4 10. Bxe7 Qxe7 11. Ne5 d6 12. Bxe4 fxe4 13. Nec4 Nd7 14. Ne3 Nf6 15.
f4 d5 16. Ng2 c5 17. e3 Bc6 18. c3 h6 19. Kh2 Be8 20. g4 Ra7 21. Qe1 Qd6 22. Qg3
Raf7 23. Rf2 Nh7 24. Rg1 Kh8 25. Nh4 Rc7 26. f5 Qxg3+ 27. Kxg3 exf5 28. Rxf5
Rxf5 29. Nxf5 Bb5 30. Nh4 cxd4 31. Ng6+ Kg8 32. cxd4 Rc2 33. Rg2 Kf7 34. Ne5+
Ke6 35. h4 Rxb2 36. Rf2 Nf6 37. g5 hxg5 38. hxg5 Nh7 39. g6 Nf6 40. Kh4 Ra2 41.
Nf7 Ra1 42. Ng5+ Ke7 43. Kg3 Rg1+ 44. Rg2 Nh5+ 45. Kf2 Rxg2+ 46. Kxg2 Kf6 47.
Ndxe4+ Kxg6 48. Nd6 Kxg5 49. Nxb5 Kg4 50. Nc7 Nf6 51. Ne6 g5 52. a4 Kf5 53. Nc7
Ke4 54. Na8 Kxe3 55. Nxb6 Kxd4 56. Kf3 Kc5 57. Nc8 Kb4 58. Nb6 d4 59. Ke2 g4
{White resigns} 0-1

[Event "Team 45 45 League T98"]
[Site "Internet Chess Club"]
[Date "2023.11.26"]
[Round "2"]
[White "sdcohle"]
[Black "clarinetref"]
[Result "1/2-1/2"]
[WhiteElo "1407"]
[BlackElo "1544"]
[Opening "St. George defense"]
[ECO "B00"]
[Time "20:01:55"]
[PlyCount "70"]
[TimeControl "2700+45"]

1. e4 a6 2. d4 e6 3. Bd3 d5 4. Ne2 dxe4 5. Bxe4 Nf6 6. Bf3 e5 7. g3 Bg4 8. Bxg4
Nxg4 9. O-O exd4 10. Nxd4 Nf6 11. Re1+ Be7 12. Bg5 O-O 13. Nf5 Nc6 14. Qxd8 Bxd8
15. Nc3 h6 16. Bxf6 Bxf6 17. Nd5 Bd8 18. c3 Kh7 19. Re2 g6 20. Nfe3 Ne5 21. Kg2
c6 22. Nf4 Bb6 23. Nc2 Nc4 24. b3 Nd6 25. Rae1 Rae8 26. Kf3 Rxe2 27. Rxe2 Re8
28. Rxe8 Nxe8 29. Nd3 Nf6 30. Ne3 Bxe3 31. fxe3 Kg7 32. c4 h5 33. h4 Ng4 34. Kf4
Kf6 35. e4 Ke7 {Game drawn by mutual agreement} 1/2-1/2

[Event "Team 45 45 League T98"]
[Site "Internet Chess Club"]
[Date "2023.11.28"]
[Round "2"]
[White "herrahuu"]
[Black "Denis240964"]
[Result "1-0"]
[WhiteElo "1407"]
[BlackElo "1306"]
[Opening "Ruy Lopez: old Steinitz defense, Nimzovich attack"]
[ECO "C48"]
[Time "10:30:21"]
[PlyCount "91"]
[TimeControl "2700+45"]

1. e4 e5 2. Nf3 Nc6 3. Nc3 Nf6 4. Bb5 d6 5. d4 Bd7 6. Bxc6 Bxc6 7. Qd3 exd4 8.
Nxd4 Be7 9. Bf4 O-O 10. O-O-O Nh5 11. Be3 Bg5 12. f3 Bxe3+ 13. Qxe3 Nf6 14. h4
Re8 15. Qd2 a5 16. h5 h6 17. g4 Nh7 18. Kb1 Bd7 19. Rdg1 f6 20. Rg3 Ng5 21. Re1
c5 22. Ndb5 Bxb5 23. Nxb5 Nf7 24. Nc3 Qc7 25. Nd5 Qc6 26. Nc3 b5 27. Qd5 Qxd5
28. Nxd5 Rab8 29. f4 b4 30. c4 a4 31. Ree3 b3 32. a3 Rb7 33. Nc3 Nd8 34. Nxa4
Nc6 35. g5 fxg5 36. fxg5 hxg5 37. Rxg5 Ne5 38. Nc3 Nxc4 39. Reg3 Nd2+ 40. Kc1
Nxe4 41. Nxe4 Rxe4 42. h6 Ree7 43. Rxg7+ Rxg7 44. Rxg7+ Rxg7 45. hxg7 Kxg7 46.
a4 {Black resigns} 1-0

[Event "Team 45 45 League T98"]
[Site "Internet Chess Club"]
[Date "2023.11.24"]
[Round "2"]
[White "Visin"]
[Black "g8wrb"]
[Result "1-0"]
[WhiteElo "1232"]
[BlackElo "1241"]
[Opening "French: Paulsen variation"]
[ECO "C10"]
[Time "12:00:23"]
[PlyCount "189"]
[TimeControl "2700+45"]

1. e4 e6 2. d4 d5 3. Nc3 Ne7 4. b4 a5 5. b5 c6 6. Bf4 Ng6 7. Bd2 Be7 8. Nf3 O-O
9. Bd3 c5 10. dxc5 Bxc5 11. Na4 Bd6 12. exd5 exd5 13. O-O Bg4 14. Be2 Re8 15. h3
Be6 16. Re1 Bb4 17. c3 Bd6 18. Qc1 Nd7 19. c4 Rc8 20. Nb2 dxc4 21. Bxc4 Bxc4 22.
Nxc4 b6 23. Be3 Nc5 24. Qd1 Bc7 25. Qxd8 Rexd8 26. Bxc5 bxc5 27. Rad1 Rxd1 28.
Rxd1 h6 29. a4 Rb8 30. g3 Kf8 31. Rd7 Bb6 32. Kf1 Ke8 33. Rd6 Bc7 34. Rc6 Kd7
35. Rxc5 Ne7 36. b6 Bxb6 37. Nxb6+ Rxb6 38. Rxa5 Rb1+ 39. Kg2 Ra1 40. Ne5+ Ke6
41. Nd3 Kd6 42. Ra8 Nc6 43. Nf4 Kc5 44. Nh5 Kb4 45. Nxg7 Rxa4 46. Rc8 Ne5 47.
Nf5 Ra6 48. Rh8 Rf6 49. g4 Ng6 50. Rxh6 Kc4 51. Kg3 Kd5 52. Ne7+ Ke6 53. Nxg6
fxg6 54. Rh8 Kf7 55. Ra8 g5 56. Ra3 Rh6 57. f4 gxf4+ 58. Kxf4 Rh4 59. Kg3 Rh8
60. Rf3+ Kg6 61. h4 Kh6 62. Rf6+ Kg7 63. g5 Re8 64. Kg4 Re4+ 65. Rf4 Re1 66. h5
Rg1+ 67. Kf5 Rh1 68. h6+ Kh7 69. Kf6 Rg1 70. Rf5 Rg2 71. Kf7 Rg1 72. Kf8 Kg6 73.
Ra5 Rf1+ 74. Ke7 Re1+ 75. Kd7 Rd1+ 76. Ke6 Re1+ 77. Re5 Ra1 78. Kd5 Ra5+ 79. Ke4
Ra4+ 80. Kf3 Rb4 81. Ke3 Ra4 82. Kd3 Rb4 83. Kc3 Ra4 84. Kb3 Rh4 85. Kc3 Ra4 86.
Kd3 Rh4 87. Ke3 Ra4 88. Kf3 Rh4 89. Kg3 Ra4 90. Kf3 Rh4 91. Re4 Rh3+ 92. Kg4 Ra3
93. Re6+ Kh7 94. Re7+ Kg6 95. Rg7# {Black checkmated} 1-0

[Event "Team 45 45 League T98"]
[Site "Internet Chess Club"]
[Date "2023.11.25"]
[Round "2"]
[White "thundercat1"]
[Black "tamky70"]
[Result "0-1"]
[WhiteElo "953"]
[BlackElo "1345"]
[Opening "Dutch"]
[ECO "A80"]
[Time "10:00:12"]
[PlyCount "110"]
[TimeControl "2700+45"]

1. d4 f5 2. e3 Nf6 3. Bc4 e6 4. a4 Be7 5. Nc3 O-O 6. b3 d6 7. Ba3 Nbd7 8. Nge2
d5 9. Bd3 Qe8 10. Nf4 Nb8 11. Nb5 Na6 12. Nc3 Bxa3 13. Rxa3 Nb4 14. Bb5 c6 15.
Be2 a5 16. Bf3 Qe7 17. Ra1 Bd7 18. O-O e5 19. Re1 e4 20. Be2 Be8 21. Rc1 Bf7 22.
Bh5 Na6 23. Nb1 Nc7 24. Nd2 Ne6 25. Nxe6 Qxe6 26. Be2 g5 27. Nf1 Qe8 28. Ng3 Bg6
29. f3 f4 30. exf4 gxf4 31. Nf1 e3 32. Bd3 Kg7 33. g3 Qd7 34. g4 Rae8 35. Re2
Ng8 36. h4 h5 37. Nh2 Nf6 38. Rg2 Bxd3 39. gxh5+ Kh8 40. Qxd3 Rg8 41. Rg6 Rxg6+
42. hxg6 Kg7 43. Ng4 Nxg4 44. h5 Nf2 45. Qe2 Qh3 46. h6+ Kxh6 47. Qxf2 exf2+ 48.
Kxf2 Qg3+ 49. Kf1 Qxf3+ 50. Kg1 Qe3+ 51. Kg2 Qxc1 52. Kh3 Kg5 53. g7 Qf1+ 54.
Kh2 Qf2+ 55. Kh3 Qg3# {White checkmated} 0-1